 Dungeon Crawl Stone Soup version 0.32-a0-931-g5a2cda0630 (webtiles) character file.

Game seed: 5472709550033638158

37503 bananaken the Fighter (level 13, -3/74 HPs)
             Began as a Vine Stalker Fighter on Apr 13, 2024.
             Was a High Priest of Wu Jian.
             Slain by a cane toad (5 damage)
             ... while petrified by a catoblepas
             ... on level 5 of the Lair of Beasts.
             The game lasted 00:31:07 (11344 turns).

bananaken the Fighter (Vine Stalker Fighter)       Turns: 11344, Time: 00:31:09

Health: -3/74      AC: 14    Str: 23    XL:     13   Next: 97%
Magic:  0/14       EV:  2    Int: 17    God:    Wu Jian [*****.]
Gold:   575        SH:  0    Dex: 17    Spells: 9/12 levels left

rFire   + . .        v - +4 hammer "Bingo" {vamp, rCorr Stlth+}
rCold   . . .        c - +0 buckler
rNeg    + + +        D - +7 toga "Victory" {*Victory Int+7 Slay+7 Clar}
rPois   ∞            q - +1 helmet
rElec   .            N - +1 cloak of Starlight {*Dazzle EV+4 Stlth--}
rCorr   +            (no gloves)
SInv    +            b - +0 pair of boots {Fly}
Will    +....        V - amulet "Qoaxzaeg" {Faith Regen+ Int+2 Dex+2 SInv}
Stlth   +            H - ring of protection from fire
HPRegen 1.92/turn    S - +5 ring of evasion
MPRegen 0.14/turn

%: clarity, guardian spirit, faith
@: lethally poisoned (-3 -> -3), petrified, flying
A: fangs 3, regeneration 1, magic shield, antimagic bite, no potion heal 2
a: Renounce Religion, Wall Jump, Serpent's Lash, Heavenly Storm


You were on level 5 of the Lair of Beasts.
You worshipped Wu Jian.
Wu Jian was extremely pleased with you.
You visited 2 branches of the dungeon, and saw 15 of its levels.

You collected 1217 gold pieces.
You spent 642 gold pieces at shops.

Inventory:

Hand Weapons
 v - the +4 hammer "Bingo" (weapon) {vamp, rCorr Stlth+}
   (You found it on level 3 of the Dungeon)

   rCorr:     It protects you from acid and corrosion.
   Stlth+:    It makes you more stealthy.
 R - a +2 vampiric morningstar
Missiles
 p - 2 throwing nets (quivered)
Armour
 b - a +0 pair of boots of flying (worn)
 c - a +0 buckler (worn)
 q - a +1 helmet (worn)
 u - a scarf of resistance
 D - the +7 toga "Victory" (worn) {*Victory Int+7 Slay+7 Clar}
   (You found it on level 6 of the Dungeon)

   *Victory:  When the wearer kills a threatening monster, it has a chance to
   gain +1 AC, +1 Slay, and +1 Int, capping at +7.
   When the wearer uses a scroll or a potion with a hostile monster in sight,
   its bonuses reset to +0.
   Unequipping it also resets its bonuses to +0.
   Int+7:     It affects your intelligence (+7).
   Slay+7:    It affects your accuracy & damage with ranged weapons and melee
   (+7).
   Clar:      It protects you from confusion, rage, mesmerisation and fear.
 N - the +1 cloak of Starlight (worn) {*Dazzle EV+4 Stlth--}
   (You found it on level 8 of the Dungeon)

   *Dazzle:   It may blind those who miss an attack against the wearer in melee
   combat.
   EV+4:      It affects your evasion (+4).
   Stlth--:   It makes you much less stealthy.
Magical Staves
 g - a staff of earth
Jewellery
 H - a ring of protection from fire (left hand)
 S - a +5 ring of evasion (right hand)
 V - the amulet "Qoaxzaeg" (around neck) {Faith Regen+ Int+2 Dex+2 SInv}
   (You found it on level 4 of the Lair of Beasts)

   [amulet of faith]

   Faith:     It allows you to gain divine favour quickly.
   Int+2:     It affects your intelligence (+2).
   Dex+2:     It affects your dexterity (+2).
   SInv:      It lets you see invisible.
   Regen+:    It increases your rate of health regeneration.
Wands
 s - a wand of iceblast (3)
 F - a wand of acid (1)
 J - a wand of mindburst (12)
 O - a wand of paralysis (12)
 P - a wand of flame (17)
 T - a wand of digging (10)
 U - a wand of polymorph (3)
Scrolls
 e - 17 scrolls of identify
 f - a scroll of silence {unknown}
 h - 7 scrolls of blinking
 i - 6 scrolls of teleportation
 l - 2 scrolls of poison {unknown}
 n - 5 scrolls of amnesia {unknown}
 r - a scroll of fog {unknown}
 t - 3 scrolls of revelation
 x - a scroll of butterflies {unknown}
 y - 2 scrolls of fear {unknown}
 E - a scroll of immolation {unknown}
 G - 2 scrolls of enchant armour {unknown}
 K - 2 scrolls of enchant weapon
 L - 4 scrolls of vulnerability {unknown}
 M - 3 scrolls of noise {unknown}
 Q - a scroll of torment {unknown}
Potions
 a - 2 potions of mutation
 d - 3 potions of might
 j - a potion of lignification
 k - 10 potions of curing {unknown}
 m - 6 potions of heal wounds {unknown}
 o - 4 potions of magic {unknown}
 z - a potion of resistance {unknown}
 A - a potion of degeneration {unknown}
 B - 2 potions of haste {unknown}
 C - 5 potions of brilliance {unknown}
 I - a potion of attraction {unknown}


   Skills:
 + Level 11.4 Fighting
 - Level 3.4(7.6) Axes
 + Level 10.5(10.8) Maces & Flails
 - Level 2.4 Armour
 + Level 10.1 Dodging
 - Level 2.8 Shields
 - Level 4.0 Translocations
 + Level 10.2 Evocations


You had 9 spell levels left.
You knew the following spells:

 Your Spells              Type           Power      Damage    Failure   Level
a - Apportation           Tloc           26%        N/A       5%          1
b - Blink                 Tloc           26%        N/A       9%          2

Your spell library contained the following spells:

 Spells                   Type           Power      Damage    Failure   Level
 Magic Dart               Conj           0%         1d3       28%         1
 Necrotise                Necr           0%         1d4       28%         1
 Sting                    Conj/Alch      0%         1d3       28%         1
 Summon Small Mammal      Summ           0%         N/A       28%         1
 Volatile Blastmotes      Fire/Tloc      12%        2d11      36%         3
 Call Imp                 Summ           0%         N/A       41%         2
 Ensorcelled Hibernation  Hex/Ice        0%         N/A       41%         2
 Jinxbite                 Hex            0%         N/A       41%         2
 Fugue of the Fallen      Necr           0%         N/A       65%         3
 Iskenderun's Mystic Bla Conj/Tloc 6%             2d4        (+2d1     77%         4
 Anguish                  Hex/Necr       0%         N/A       96%         4
 Brom's Barrelling Bould  Conj/Erth      0%         2d3       96%         4
 Fulminant Prism          Conj/Alch      0%         3d5       96%         4
 Alistair's Intoxication  Alch           0%         N/A       100%        5
 Fireball                 Conj/Fire      0%         3d3       100%        5
 Iskenderun's Battlesphe  Conj           0%         2d6       100%        5
 Conjure Ball Lightning   Conj/Air       0%         3x3d6     100%        6
 Orb of Destruction       Conj           0%         9d5       100%        7


Dungeon Overview and Level Annotations

Branches:
Dungeon (10/15)            Temple (0/1) D:7            Lair (5/5) D:9
  Swamp (0/4) Lair:2       Spider (0/4) Lair:2          Orc (0/2) D:10
  Slime: Lair:4-5

Altars:
Cheibriados
Elyvilon
Fedhas
Gozag
Makhleb
Nemelex Xobeh
Okawaru
Qazlal
Ru
Trog
Wu Jian
Xom
Zin

Shops:
D:3 (?*   D:8 ?(*

Annotations:
Lair:5 Urug


Innate Abilities, Weirdness & Mutations

You have razor-sharp teeth.
Your natural rate of healing is unusually fast.
When hurt, damage is shared between your health and your magic reserves.
Your bite disrupts and absorbs the magic of your enemies.
Potions cannot restore your health.


Message History

The wyvern bites you but does no damage.
You hear an angry hiss.
The wyvern bites you! The yak gores you.
Urug throws a javelin.
The javelin pierces through you!
The javelin pierces through the wyvern!!
A basilisk comes into view.
The catoblepas gores you!
* * * LOW HITPOINT WARNING * * *
The cane toad stings you!
* * * LOW HITPOINT WARNING * * *
The wyvern bites you. The cane toad stings you!
* * * LOW HITPOINT WARNING * * *
The yak gores you.
* * * LOW HITPOINT WARNING * * *
The catoblepas gores you!
* * * LOW HITPOINT WARNING * * *
The wyvern bites you.
* * * LOW HITPOINT WARNING * * *
The cane toad stings you but does no damage.
The yak gores you!
* * * LOW HITPOINT WARNING * * *
Urug zaps a wand.
You resist with almost no effort.
The wyvern bites you but does no damage.
The catoblepas gores you but does no damage.
The cane toad stings you but does no damage.
The wyvern bites you but does no damage.
The hell rat bites you but does no damage.
The yak gores you but does no damage. Urug hits you but does no damage.
The catoblepas gores you but does no damage.
The wyvern bites you but does no damage.
The cane toad stings you but does no damage.
The hell rat bites you but does no damage.
The yak gores you but does no damage. Urug hits you with a +5 eveningstar!
* * * LOW HITPOINT WARNING * * *
The wyvern barely misses you.
The basilisk bites the plant.
The plant begins to die.
The catoblepas breathes a plume of calcifying dust at you.
The blast of calcifying dust hits you but does no damage.
The cane toad stings you!
You die...

#....#....... #
#..PP.......##
#.#.P.P........#
..............#
.............P#
............#
#.....<.§.#
#....#..o§.##
#.....#.F@rP#
......#.YYkl#
.........ll.#
............#
.............
..............
........(...#
............#


You could see a catoblepas, Urug, a komodo dragon, a yak, a cane toad, 2
basilisks, a wyvern and a hell rat.

Vanquished Creatures
  Gastronok (Lair:1)
  An eleionoma (Lair:2)
  Josephine (D:10)
  Harold (D:9)
  A catoblepas (Lair:1)
  4 hydras
  15 death yaks
  Lodul (D:10)
  Pikel (D:9)
  The ghost of HilariousDeathArtist the Ducker, a novice TeSh of Cheibriados (D:8)
  A moth of wrath (D:8)
  A black mamba (Lair:3)
  7 cane toads
  A torpor snail (Lair:2)
  A gargoyle (D:8)
  Maggie (D:9)
  A rime drake (Lair:1)
  Psyche (D:8)
  2 komodo dragons
  4 polar bears
  3 trolls (D:10)
  10 blink frogs
  4 wraiths
  27 yaks
  A shadow (D:9)
  4 wyverns
  5 basilisks
  An acid dragon (D:10)
  10 water moccasins
  3 orc warriors (D:10)
  Duvessa (D:6)
  2 ice beasts
  A sky beast (D:6)
  6 black bears
  8 ogres (D:10)
  7 wolves
  4 centaurs
  2 lemures (D:9)
  2 phantoms (D:5)
  6 scorpions
  14 bullfrogs
  10 wights (D:8)
  Dowan (D:6)
  5 killer bees (D:7)
  3 howler monkeys
  An electric eel (Lair:3)
  4 bombardier beetles
  A crimson imp (D:3)
  Crazy Yiuf (D:3)
  A hound (D:5)
  3 jellies
  4 orc priests
  5 iguanas
  Jessica (D:3)
  Ijyb (D:3)
  8 orc wizards
  Natasha (twice) (D:3)
  13 hell rats
  Robin (D:2)
  A river rat (D:9)
  18 adders
  4 gnolls (D:6)
  2 white imps
  2 ufetubi (D:5)
  11 dart slugs
  5 ribbon worms
  41 orcs
  6 endoplasms
  5 giant cockroaches
  18 goblins
  3 hobgoblins
  7 jackals
  10 kobolds
  6 quokkas
  2 ball pythons
  5 bats
  4 frilled lizards
  3 rats (D:1)
  A spectral hobgoblin (D:3)
387 creatures vanquished.

Vanquished Creatures (others)
  A goblin (D:2)
1 creature vanquished.

Grand Total: 388 creatures vanquished

Notes
Turn   | Place    | Note
-------+----------+-------------------------------------------
     0 | D:1      | bananaken the Vine Stalker Fighter began the quest for the
                  | Orb.
     0 | D:1      | Reached XP level 1. HP: 11/11 MP: 2/2
   195 | D:1      | Reached XP level 2. HP: 16/16 MP: 3/3
   536 | D:1      | Reached skill level 3 in Fighting
   536 | D:1      | Reached XP level 3. HP: 20/20 MP: 2/4
  1053 | D:2      | Reached skill level 1 in Dodging
  1072 | D:2      | Reached skill level 1 in Evocations
  1384 | D:2      | Reached XP level 4. HP: 24/24 MP: 5/5
  1511 | D:2      | Noticed Robin
  1530 | D:2      | Killed Robin
  1609 | D:2      | Reached XP level 5. HP: 28/28 MP: 6/6
  1741 | D:3      | Found a shimmering altar of Xom.
  1741 | D:3      | Found a burning altar of Makhleb.
  1793 | D:3      | Found Ketz's Magic Scroll Emporium.
  1796 | D:3      | Bought a scroll of identify for 24 gold pieces
  1811 | D:3      | Found a stormy altar of Qazlal.
  1872 | D:3      | Found Nizxy's Weapon Shop.
  1883 | D:3      | Found Bitwuase's Assorted Antiques.
  1912 | D:3      | Noticed Jessica
  1926 | D:3      | Killed Jessica
  1945 | D:3      | Found a sacrificial altar of Ru.
  1960 | D:3      | Reached XP level 6. HP: 33/33 MP: 7/7
  1980 | D:3      | Found a bloodstained altar of Trog.
  2101 | D:3      | Noticed Natasha
  2108 | D:3      | Killed Natasha
  2198 | D:3      | Noticed Ijyb
  2211 | D:3      | Killed Ijyb
  2251 | D:3      | Noticed Natasha
  2258 | D:3      | Killed Natasha
  2259 | D:3      | Reached skill level 4 in Fighting
  2299 | D:3      | Found a faded altar of an unknown god.
  2375 | D:3      | Found a runed translucent door.
  2376 | D:3      | Noticed Crazy Yiuf
  2386 | D:3      | Killed Crazy Yiuf
  2397 | D:3      | Identified the +4 hammer "Bingo" {vamp, rCorr Stlth+}
  2658 | D:4      | Reached XP level 7. HP: 37/37 MP: 8/8
  2881 | D:4      | Learned a level 1 spell: Apportation
  2884 | D:4      | Learned a level 2 spell: Blink
  2956 | D:4      | Reached skill level 1 in Maces & Flails
  3542 | D:5      | Entered Level 5 of the Dungeon
  3815 | D:5      | Found an ornate altar of the Wu Jian Council.
  3815 | D:5      | Found a sparkling altar of Nemelex Xobeh.
  3815 | D:5      | Found a white marble altar of Elyvilon.
  3817 | D:5      | Found an iron altar of Okawaru.
  3823 | D:5      | Became a worshipper of the Wu Jian Council
  3915 | D:5      | Gained mutation: You have razor-sharp teeth. [Vine Stalker
                  | growth]
  3915 | D:5      | Reached XP level 8. HP: 32/42 MP: 6/9
  3967 | D:5      | Reached skill level 5 in Fighting
  4171 | D:5      | Noticed a wraith
  4198 | D:5      | Killed a wraith
  4199 | D:5      | Reached XP level 9. HP: 48/48 MP: 8/10
  4389 | D:6      | Reached * piety under Wu Jian
  4397 | D:6      | Reached skill level 6 in Fighting
  4397 | D:6      | Reached skill level 5 in Evocations
  4559 | D:6      | Found the +0 toga "Victory" {*Victory Clar}
  4666 | D:6      | Noticed Dowan
  4668 | D:6      | Noticed Duvessa
  4677 | D:6      | Killed Duvessa
  4678 | D:6      | Reached skill level 1 in Translocations
  4682 | D:6      | Killed Dowan
  4740 | D:6      | Reached skill level 5 in Dodging
  5265 | D:7      | Reached skill level 5 in Maces & Flails
  5469 | D:7      | Found a staircase to the Ecumenical Temple.
  5609 | D:7      | Reached ** piety under Wu Jian
  5627 | D:7      | Found a snail-covered altar of Cheibriados.
  5857 | D:8      | Noticed Psyche
  5921 | D:8      | Found a transporter.
  5922 | D:8      | Noticed HilariousDeathArtist's ghost (novice TeSh)
  5922 | D:8      | Noticed a moth of wrath
  5922 | D:8      | Found the +1 cloak of Starlight {*Dazzle EV+4 Stlth--}
  5936 | D:8      | Found a transporter.
  5946 | D:8      | Reached XP level 10. HP: 52/53 MP: 8/11
  5976 | D:8      | Found Ixkot's Weapon Boutique.
  5982 | D:8      | Found Ygouf's Magic Scroll Shop.
  6031 | D:8      | Reached skill level 7 in Fighting
  6039 | D:8      | Killed Psyche
  6044 | D:8      | Bought a scroll of enchant weapon for 105 gold pieces
  6044 | D:8      | Bought a scroll of revelation for 105 gold pieces
  6046 | D:8      | Found Buah's General Store.
  6055 | D:8      | Bought a potion of mutation for 96 gold pieces
  6142 | D:8      | Noticed a gargoyle
  6145 | D:8      | Killed a gargoyle
  6469 | D:8      | Killed a moth of wrath
  6474 | D:8      | Killed HilariousDeathArtist's ghost
  6551 | D:9      | Noticed Pikel
  6573 | D:9      | Killed Pikel
  6595 | D:9      | Found a staircase to the Lair.
  6602 | D:9      | Noticed Maggie
  6609 | D:9      | Reached skill level 8 in Fighting
  6612 | D:9      | Reached XP level 11. HP: 58/60 MP: 12/12
  6630 | D:9      | Killed Maggie
  6738 | D:9      | Noticed Harold
  6749 | D:9      | Killed Harold
  6749 | D:9      | Reached *** piety under Wu Jian
  6812 | D:9      | Found a blossoming altar of Fedhas.
  7057 | D:10     | Entered Level 10 of the Dungeon
  7057 | D:10     | Found a glowing silver altar of Zin.
  7178 | D:10     | Found an opulent altar of Gozag.
  7250 | D:10     | Noticed Lodul
  7265 | D:10     | Killed Lodul
  7297 | D:10     | Reached skill level 9 in Fighting
  7307 | D:10     | Found a staircase to the Orcish Mines.
  7347 | D:10     | Reached **** piety under Wu Jian
  7427 | D:10     | Noticed Josephine
  7434 | D:10     | Killed Josephine
  7623 | D:10     | Reached XP level 12. HP: 39/66 MP: 11/13
  7809 | D:3      | Bought a +2 vampiric morningstar for 312 gold pieces
  7950 | Lair:1   | Entered Level 1 of the Lair of Beasts
  7971 | Lair:1   | Noticed Gastronok
  8030 | Lair:1   | Killed Gastronok
  8113 | Lair:1   | Reached ***** piety under Wu Jian
  8390 | Lair:1   | Noticed a catoblepas
  8402 | Lair:1   | Killed a catoblepas
  8679 | Lair:2   | Noticed a five-headed hydra
  8692 | Lair:2   | Killed a five-headed hydra
  8693 | Lair:2   | Reached skill level 10 in Fighting
  8790 | Lair:2   | Found a hole to the Spider Nest.
  8844 | Lair:2   | Noticed a six-headed hydra
  8852 | Lair:2   | Killed a six-headed hydra
  8963 | Lair:2   | Found a staircase to the Swamp.
  8963 | Lair:2   | Noticed an eleionoma
  8970 | Lair:2   | Killed an eleionoma
  8971 | Lair:2   | Reached XP level 13. HP: 69/72 MP: 12/14
 10236 | Lair:3   | Reached skill level 10 in Maces & Flails
 10290 | Lair:3   | Identified the +6 long sword of the Eternal Void {pain,
                  | rElec Str-4 Dex+2 Stlth+}
 10650 | Lair:4   | Identified the amulet "Qoaxzaeg" {Faith Regen+ Int+2 Dex+2
                  | SInv}
 10702 | Lair:4   | Reached skill level 11 in Fighting
 10810 | Lair:4   | Reached skill level 10 in Evocations
 10851 | Lair:4   | Reached skill level 10 in Dodging
 11326 | Lair:5   | Entered Level 5 of the Lair of Beasts
 11331 | Lair:5   | Noticed Urug
 11344 | Lair:5   | HP: 2/74 [Urug/+5 eveningstar (6)]
 11344 | Lair:5   | Slain by a cane toad

Illustrated notes

Levels and vault maps discovered:
D:1:      psy_arrival_statuary, layout_loops_ring, serial_forest,
          infiniplex_forest_clump_medium, infiniplex_forest_lined_2,
          infiniplex_forest_lined_room_, infiniplex_forest_straight_4,
          infiniplex_forest_clump_double, infiniplex_forest_lined_1,
          infiniplex_forest_split, infiniplex_forest_clump_double,
          infiniplex_forest_lined_corner, infiniplex_forest_straight_2,
          minmay_unequal
D:2:      layout_basic, uniq_robin
D:3:      layout_loops_ring, grunt_temple_overflow_champion_of_chaos,
          mainiacjoe_overflow_catch_the_wave,
          nicolae_ru_great_annihilating_truth, serial_shops, nicolae_shop_trees,
          nicolae_square_shop, shop, dreamdust_ecumenical_altar_drowned_temple,
          uniq_ijyb, uniq_natasha, uniq_jessica, uniq_crazy_yiuf_cottage
D:4:      kennysheep_slugbush, layout_basic, chequers_serial_rivers_small_a
D:5:      minmay_chambers_of_threes, layout_rooms,
          chequers_temple_overflow_statue_of_worship, minmay_joined_circles
D:6:      layout_gridville, uniq_duvessa
D:7:      layout_loops_cross, kennysheep_slug_shrine,
          minmay_temple_entry_drinking_statues
D:8:      layout_rooms, gammafunk_ghost_berserking_beasts, serial_shops,
          nicolae_shop_just_a_little_nook, shop, shop, uniq_psyche
D:9:      layout_rooms, fedhas_altar_2, dpeg_lair_monsters, uniq_maggie,
          uniq_harold, uniq_pikel
D:10:     layout_irregular_city, zin_academy, mainiacjoe_overflow_alcove_2,
          david_orc_1_choice, uniq_lodul, uniq_josephine
Lair:1:   layout_gridlike, uniq_gastronok
Lair:2:   layout_cave_pods, alex1729_swamp_entry_worm_eleionoma,
          nicolae_spider_entry_non_spiders, grunt_megastairs_4
Lair:3:   layout_chaotic_city
Lair:4:   layout_roguey, lemuel_fruit_tree
Lair:5:   evil_forest, layout_gridlike, minmay_slime_entry_pillars, special_room
          [special_room_mythical_zoo], uniq_urug

Skill      XL: |  1  2  3  4  5  6  7  8  9 10 11 12 13 |
---------------+----------------------------------------+-----
Axes           | 2 3 |  3.4
Fighting       | 3 4 5 6 8 9 10 11 | 11.4
Dodging        | 1 2 3 4 5 6 8 9 10 | 10.1
Evocations     | 1 2 3 4 5 6 7 9 10 | 10.2
Maces & Flails | 2 3 5 6 8 9 10 | 10.5
Translocations | 3 4 |  4.0
Armour         | |  2.4
Shields        | |  2.8

Action                     |  1- 3 |  4- 6 |  7- 9 | 10-12 | 13-15 || total
---------------------------+-------+-------+-------+-------+-------++-------
  Melee: War axe           |    82 |   120 |       |       |       ||   202
         Bite              |    18 |    27 |    84 |   185 |   116 ||   430
         Mace              |       |    18 |   351 |   475 |   291 ||  1135
 Invoke: Serpent's Lash    |       |       |       |       |     1 ||     1
Ability: Lunge             |       |       |    14 |    24 |    11 ||    49
         Whirlwind         |       |       |     1 |    14 |    10 ||    25
         Wall Jump         |       |       |       |     1 |       ||     1
  Evoke: Wand              |       |       |       |    12 |       ||    12
    Use: Potion            |       |     1 |     1 |       |       ||     2
   Stab: Sleeping          |       |       |     2 |       |       ||     2
         Distracted        |       |       |     2 |       |       ||     2
         Invisible         |       |       |       |    12 |    15 ||    27
 Armour: Scale mail        |    53 |   111 |   174 |       |       ||   338
         Skin              |       |     7 |    26 |       |       ||    33
         Robe              |       |       |    61 |   219 |   181 ||   461
  Dodge: Dodged            |    34 |    80 |   164 |   369 |   250 ||   897
  Block: Buckler           |    16 |    40 |    93 |   114 |    65 ||   328

Table legend: (Time is in decaauts)
 A = Elapsed time spent in this place.
 B = Non-inter-level travel time spent in this place.
 C = Inter-level travel time spent in this place.
 D = Time resting spent in this place.
 E = Time spent auto-exploring this place.
 F = Levels seen in this place.
 G = Mean time per level.
                   A        B        C        D        E       F      G
               +--------+--------+--------+--------+--------+-----+--------+
         Total |  11517 |  10829 |    688 |     42 |   8020 |  15 |  767.8 |
       Dungeon |   8143 |   7591 |    552 |     42 |   5557 |  10 |  814.3 |
          Lair |   3373 |   3237 |    136 |      0 |   2463 |   5 |  674.6 |
               +--------+--------+--------+--------+--------+-----+--------+

Top non-repeatable levels by time:
  Lair:2: 1151 daAuts
     D:4: 1033 daAuts
     D:1: 986 daAuts
     D:3: 948 daAuts
     D:5: 912 daAuts
     D:6: 841 daAuts
     D:2: 795 daAuts
     D:7: 769 daAuts
  Lair:4: 764 daAuts
  Lair:3: 743 daAuts
  Lair:1: 696 daAuts
     D:8: 672 daAuts
    D:10: 628 daAuts
     D:9: 555 daAuts
  Lair:5: 17 daAuts
